 Dungeon Crawl Stone Soup version 0.23-a0-436-g57debff (webtiles) character file.

516 KittyKrap the Spear-Bearer (level 7, -10/52 HPs)
             Began as a Merfolk Gladiator on Nov 16, 2018.
             Mangled by an ogre
             ... wielding a +0 giant spiked club
              (27 damage)
             ... on level 4 of the Dungeon.
             The game lasted 00:08:56 (3818 turns).

KittyKrap the Spear-Bearer (Merfolk Gladiator)      Turns: 3818, Time: 00:08:57

Health: -10/52     AC:  9    Str: 16    XL:     7   Next: 20%
Magic:  7/7        EV:  8    Int:  8    God:
Gold:   189        SH: 15    Dex: 15    Spells: 6/6 levels left

rFire    . . .     SeeInvis .   a - +0 trident
rCold    . . .     Gourm    .   D - +2 large shield
rNeg     . . .     Faith    .   v - +0 scale mail (curse)
rPois    +         Spirit   .   c - +0 helmet
rElec    .         Reflect  .   (no cloak)
rCorr    .         Harm     .   (no gloves)
MR       .....                  u - +1 pair of boots
Stlth    ..........             (no amulet)
HPRegen  0.17/turn              j - ring of poison resistance
MPRegen  0.10/turn              (no ring)

@: no status effects
A: change form in water, swift swim, stealthy swim
a: no special abilities


You were on level 4 of the Dungeon.
You were not hungry.

You visited 1 branch of the dungeon, and saw 4 of its levels.

You collected 189 gold pieces.

Inventory:

Hand Weapons
 a - a +0 trident (weapon)
 g - a +2 hunting sling of velocity
Missiles
 d - 2 throwing nets (quivered)
 h - 75 stones
 C - 9 poisoned needles
Armour
 b - a +0 leather armour
 c - a +0 helmet (worn)
 u - a +1 pair of boots (worn)
 v - a cursed +0 scale mail (worn)
 x - a +0 chain mail
 D - a +2 large shield (worn)
Jewellery
 j - a ring of poison resistance (left hand)
 E - an uncursed ring of see invisible {unknown}
Wands
 i - a wand of polymorph (6)
Scrolls
 e - 2 scrolls of enchant weapon {unknown}
 m - 4 scrolls of remove curse {unknown}
 n - 6 scrolls of identify {unknown}
 p - a scroll of amnesia {unknown}
 s - 2 scrolls of teleportation {unknown}
 y - a scroll of magic mapping {unknown}
 z - a scroll of immolation {unknown}
 A - a scroll of enchant armour {unknown}
 H - a scroll of fear {unknown}
Potions
 k - a potion of berserk rage {unknown}
 l - a potion of cancellation {unknown}
 o - 3 potions of curing {unknown}
 q - a potion of brilliance {unknown}
 r - 2 potions of heal wounds {unknown}
 t - 4 potions of ambrosia {unknown}
 w - a potion of lignification {unknown}
 F - a potion of degeneration {unknown}
Comestibles
 f - 13 rations
 G - 4 chunks of flesh


   Skills:
 + Level 3.4 Fighting
 + Level 8.2 Polearms
 - Level 2.1 Throwing
 + Level 1.9 Armour
 - Level 5.1 Dodging
 * Level 2.8 Shields


You had 6 spell levels left.
You didn't know any spells.
Your spell library was empty.

Dungeon Overview and Level Annotations

Branches:
Dungeon (4/15)
 Temple: D:4-7

Altars:

Annotations:
D:1 exclusion: downstairs
D:3 exclusion: downstairs
D:4 2 transporters, KittyKrap's ghost, novice TrFi; Pikel


Message History

Throwing (i - inventory. (/) - cycle)
B - a tomahawk (quivered)
Press: ? - help, Shift-Dir - straight line, f/p - ogre
Aim: an ogre, wielding a +0 giant spiked club (lightly wounded)
You throw a tomahawk. The tomahawk hits the ogre.
The ogre is moderately wounded.
You puncture the ogre!
The ogre is heavily wounded.
The ogre closely misses you.
You hit the ogre.
The ogre is severely wounded.
The ogre hits you with a +0 giant spiked club!!
Ouch! That really hurt!
You hit the ogre.
The ogre is severely wounded.
The ogre hits you with a +0 giant spiked club!
You hit the ogre.
The ogre is almost dead.
The ogre hits you with a +0 giant spiked club!!
Ouch! That really hurt!
You die...

......#........#
###...#.......##
####......(..##
.##........(..#
..##........(.##
..##...........#######
...##.........(#.#...#
..##.#.........O.....##
.....#......##..@.....#
.....#......##.....#....
.............##....# #
...................#
#....................#
..........©.......#...#
#.....#########..###....
#....##8..aOa8##.# ....
##...#©.....W..#..? ...


You could see 2 ogres and 2 worker ants.

Vanquished Creatures
  Sigmund (D:3)
  A slave (D:3)
  2 ogres (D:4)
  An orc wizard (D:2)
  2 worker ants
  6 adders
  2 oozes
  3 worms
  A dart slug (D:1)
  3 leopard geckos
  5 orcs
  6 bats
  5 giant cockroaches
  7 goblins
  5 hobgoblins
  5 kobolds
  A quokka (D:3)
  5 frilled lizards
  9 rats
70 creatures vanquished.

Notes
Turn   | Place    | Note
-------+----------+-------------------------------------------
     0 | D:1      | KittyKrap the Merfolk Gladiator began the quest for the
                  | Orb.
     0 | D:1      | Reached XP level 1. HP: 16/16 MP: 1/1
   181 | D:1      | Reached XP level 2. HP: 22/22 MP: 2/2
   262 | D:1      | Reached skill level 5 in Dodging
   451 | D:1      | Reached XP level 3. HP: 27/27 MP: 3/3
   749 | D:1      | Reached skill level 5 in Polearms
   896 | D:2      | Noticed Sigmund
  2062 | D:2      | Reached XP level 4. HP: 13/34 MP: 4/4
  2285 | D:3      | Reached skill level 6 in Polearms
  2508 | D:3      | Reached XP level 5. HP: 39/39 MP: 5/5
  2801 | D:3      | Reached skill level 1 in Armour
  3155 | D:4      | Reached skill level 7 in Polearms
  3235 | D:4      | Found a transporter.
  3243 | D:4      | Noticed an ogre
  3262 | D:4      | Killed an ogre
  3262 | D:4      | Reached skill level 1 in Shields
  3262 | D:4      | Reached XP level 6. HP: 47/47 MP: 6/6
  3618 | D:4      | Noticed Pikel
  3618 | D:4      | Noticed a slave
  3618 | D:4      | Noticed a slave
  3618 | D:4      | Noticed a slave
  3618 | D:4      | Noticed a slave
  3635 | D:3      | Killed a slave
  3719 | D:3      | Killed Sigmund
  3719 | D:3      | Reached skill level 8 in Polearms
  3719 | D:3      | Reached XP level 7. HP: 42/52 MP: 7/7
  3793 | D:4      | Found a transporter.
  3793 | D:4      | Noticed KittyKrap's ghost (novice TrFi)
  3818 | D:4      | Mangled by an ogre

Vault maps used:
D:1:      dpeg_arrival_triangle_fractal, minmay_pentomino_x4
D:2:      serial_park_tiny_1, minmay_tall_x, uniq_sigmund
D:3:      minmay_misc_feat_tiny
D:4:      gammafunk_ghost_arena, first_ration, uniq_menkaure, uniq_pikel

Skill      XL: |  1  2  3  4  5  6 |
---------------+-------------------+-----
Dodging        | 5 |  5.1
Polearms       | 5 6 7 8 |  8.2
Armour         | 1 |  1.9
Fighting       | 3 |  3.4
Shields        | 1 2 |  2.8
Throwing       | |  2.1

Action                   |  1- 3 |  4- 6 |  7- 9 || total
-------------------------+-------+-------+-------++-------
Melee: Trident           |   139 |   180 |     4 ||   323
Throw: Tomahawk          |       |     2 |     4 ||     6
       Throwing net      |       |     3 |       ||     3
 Stab: Sleeping          |     2 |       |       ||     2
  Eat: Chunk             |     4 |     5 |     1 ||    10
Armor: Leather armour    |    40 |       |       ||    40
       Scale mail        |    21 |    36 |       ||    57
Dodge: Dodged            |   105 |    74 |     1 ||   180
Block: Large shield      |       |    48 |       ||    48

Table legend:
 A = Non-vault XP
 B = Vault XP
 C = Vault XP percentage of total XP
 D = Non-vault monster count
 E = Vault monster count
 F = Vault count percentage of total count
                 A         B        C        D         E       F
            +---------+---------+-------+---------+---------+-------
      Total |     516 |     222 |  30.1 |      60 |       9 |  13.0
            +---------+---------+-------+---------+---------+-------
        D:1 |      42 |       7 |  14.3 |      19 |       4 |  17.4
        D:2 |      62 |      10 |  13.9 |      11 |       4 |  26.7
        D:3 |      97 |     205 |  67.9 |      23 |       1 |   4.2
        D:4 |     315 |       0 |   0.0 |       7 |       0 |   0.0
            +---------+---------+-------+---------+---------+-------
